 Dungeon Crawl Stone Soup version 0.29-a0-653-gd47aff6735 (webtiles) character file.

Game seed: 4160897866569271364

32 ytrimaz the Skirmisher (level 3, -5/29 HPs)
             Began as a Demonspawn Monk on June 21, 2022.
             Slain by a gnoll
             ... wielding a +0 halberd
              (9 damage)
             ... on level 2 of the Dungeon.
             The game lasted 00:01:48 (1610 turns).

ytrimaz the Skirmisher (Demonspawn Monk)            Turns: 1610, Time: 00:01:49

Health: -5/29      AC:  3    Str: 13    XL:     3   Next: 8%
Magic:  3/3        EV: 13    Int: 11    God:
Gold:   69         SH:  0    Dex: 15    Spells: 2/2 levels left

rFire   . . .      SeeInvis .     - Unarmed
rCold   . . .      Faith    .   (no shield)
rNeg    . . .      Spirit   .   a - +0 robe
rPois   .          Reflect  .   c - +0 hat
rElec   .          Harm     .   (no cloak)
rCorr   .          Rampage  .   (no gloves)
Will    .....                   f - +0 pair of boots
Stlth   +.........              (no amulet)
HPRegen 0.09/turn               j - ring of flight
MPRegen 0.08/turn               (no ring)

@: confused, ambrosia-drunk, flying
A: claws 1, spiny 1
a: no special abilities


You were on level 2 of the Dungeon.
You visited 1 branch of the dungeon, and saw 2 of its levels.

You collected 69 gold pieces.

Inventory:

Armour
 a - a +0 robe (worn)
 c - a +0 hat (worn)
 f - a +0 pair of boots (worn)
Jewellery
 e - a ring of fire
 j - a ring of flight (left claw)
Potions
 d - a potion of invisibility {unknown}
 g - a potion of brilliance {unknown}


   Skills:
 + Level 3.6 Fighting
 + Level 3.4 Dodging
 - Level 1.7 Stealth
 - Level 2.6 Unarmed Combat


You had 2 spell levels left.
You didn't know any spells.
Your spell library contained the following spells:

 Spells                   Type           Power      Damage    Failure   Level
 Beastly Appendage        Tmut           0%         N/A       34%         1
 Wereblood                Tmut           0%         N/A       47%         2
 Spider Form              Tmut/Pois      0%         N/A       71%         3


Dungeon Overview and Level Annotations

Branches:
Dungeon (2/15)

Altars:

Shops:
D:1 (


Innate Abilities, Weirdness & Mutations

You have sharp fingernails.
You are partially covered in sharp spines.


Message History

You scratch the worm but do no damage.
The worm is severely wounded.
You scratch the worm.
The worm is almost dead.
The worm is struck by your spines.
You kill the worm!
You start resting.
You start resting.
HP restored.
A gnoll comes into view. It is wielding a +0 flail.
You see here a frilled lizard corpse.
A gnoll is nearby!
A gnoll is nearby!
A gnoll comes into view. It is wielding a +0 halberd.
A rat and a gnoll come into view.
The gnoll shouts!
The gnoll hits you with a +0 flail.
The gnoll moves out of view.
The gnoll is struck by your spines. The gnoll hits you with a +0 flail.
The gnoll attacks as you move away! The gnoll is struck by your spines.
The gnoll misses you. The gnoll barely misses you.
The gnoll attacks as you move away! The gnoll hits you with a +0 flail!
You closely miss the gnoll.
The gnoll is severely wounded.
You closely miss the gnoll.
The gnoll is severely wounded.
The gnoll hits you from afar with a +0 halberd.
* * * LOW HITPOINT WARNING * * *
The gnoll is struck by your spines. The gnoll closely misses you.
The gnoll attacks as you move away! The gnoll misses you.
The gnoll attacks as you move away! The gnoll is struck by your spines.
The gnoll closely misses you. The gnoll attacks as you move away!
The gnoll barely misses you.
You see here a bat skeleton.
You aren't carrying any scrolls.
You are confused.
You feel invigorated. The gnoll hits you with a +0 flail!
* * * LOW HITPOINT WARNING * * *
The gnoll hits you from afar with a +0 halberd!
You die...

##.... ## ##. #....
.....## #...# .#...
#...# .... #...# #. #...
#...# .
.#..#..########...#####.
.......##g..............
..##.@g.÷.g...........
#.##.##....[.......... #
#.##.######.#...#.####
#.#.##.# #.#...#.# ###
#.#.##.# #.......# ..#
#......# #.#...#.# #.#
###.#### #?......# #.#
#.# #.#...†.#
#.########.# #.####..#


You could see 3 gnolls.

Vanquished Creatures
  A worm (D:2)
  6 bats
  An endoplasm (D:1)
  3 giant cockroaches
  A goblin (D:1)
  3 hobgoblins (D:1)
  A kobold (D:1)
  A quokka (D:1)
  3 ball pythons
  4 frilled lizards
  3 rats
27 creatures vanquished.

Notes
Turn   | Place    | Note
-------+----------+-------------------------------------------
     0 | D:1      | ytrimaz the Demonspawn Monk began the quest for the Orb.
     0 | D:1      | Reached XP level 1. HP: 18/18 MP: 1/1
   393 | D:1      | Gained mutation: You have sharp fingernails. [demonic
                  | ancestry]
   393 | D:1      | Reached XP level 2. HP: 24/24 MP: 2/2
   420 | D:1      | Found Noijuqo's Weapon Shop.
   448 | D:1      | Found a faded altar of an unknown god.
  1401 | D:2      | Gained mutation: You are partially covered in sharp spines.
                  | [demonic ancestry]
  1401 | D:2      | Reached XP level 3. HP: 26/29 MP: 3/3
  1610 | D:2      | Slain by a gnoll

Illustrated notes

Levels and vault maps discovered:
D:1:      minmay_arrival_four_houses, layout_loops_ring, serial_shops,
          nicolae_shop_waterfront, ebering_ecumenical_altar_box,
          minmay_nonomino_d4
D:2:      layout_loops_cross, minmay_worlds_worst_comb, uniq_jessica

Skill      XL: |  1 |
---------------+----+-----
Dodging        | 3 |  3.4
Fighting       | |  3.6
Stealth        | |  1.7
Unarmed Combat | |  2.6

Action                   || total
-------------------------++-------
Melee: Unarmed           ||    97
       Punch             ||     4
  Use: Scroll            ||     4
       Potion            ||     1
 Stab: Sleeping          ||     6
Armor: Robe              ||    20
Dodge: Dodged            ||    70

Table legend: (Time is in decaauts)
 A = Elapsed time spent in this place.
 B = Non-inter-level travel time spent in this place.
 C = Inter-level travel time spent in this place.
 D = Time resting spent in this place.
 E = Time spent auto-exploring this place.
 F = Levels seen in this place.
 G = Mean time per level.
                   A        B        C        D        E       F      G
               +--------+--------+--------+--------+--------+-----+--------+
         Total |   1606 |   1592 |     14 |    477 |    815 |   2 |  803.0 |
       Dungeon |   1606 |   1592 |     14 |    477 |    815 |   2 |  803.0 |
               +--------+--------+--------+--------+--------+-----+--------+

Top non-repeatable levels by time:
     D:1: 1295 daAuts
     D:2: 310 daAuts
